 Dungeon Crawl Stone Soup version 0.22-a0-558-gc2241811a9 (webtiles) character file.

8414 Faustar the Fighter (level 11, 0/60 HPs)
             Began as a Vine Stalker Artificer on June 26, 2018.
             Was an Elder of Makhleb.
             Slain by a five-headed hydra (3 damage)
             ... on level 8 of the Dungeon.
             The game lasted 00:36:12 (11398 turns).

Faustar the Fighter (Vine Stalker Artificer)       Turns: 11398, Time: 00:36:12

Health: 0/60       AC: 14    Str: 17    XL:     11   Next: 30%
Magic:  0/16       EV:  8    Int: 11    God:    Makhleb [****..]
Gold:   583        SH:  5    Dex: 16    Spells: 10/10 levels left

rFire    . . .     SeeInvis .   t - +3 dagger (pain)
rCold    . . .     Gourm    .   H - +0 buckler
rNeg     . . .     Faith    .   A - +0 chain mail
rPois    .         Spirit   +   r - +0 helmet
rElec    .         Reflect  .   N - scarf {repulsion}
rCorr    .         Harm     .   w - +0 pair of gloves
MR       ++...                  L - +0 pair of boots
Stlth    ..........             j - amulet of magic regeneration
HPRegen  0.60/turn              G - ring of protection from magic
MPRegen  0.40/turn              (no ring)

@: about to teleport, marked, repel missiles
A: fangs 3, regeneration 1, magic shield, antimagic bite, no potion heal 3, rot
immunity
a: Minor Destruction, Lesser Servant of Makhleb, Major Destruction, Renounce
Religion


You were on level 8 of the Dungeon.
You worshipped Makhleb.
Makhleb was greatly pleased with you.
You were not hungry.

You visited 2 branches of the dungeon, and saw 11 of its levels.

You collected 583 gold pieces.

Inventory:

Hand Weapons
 a - a +0 short sword
 t - a +3 dagger of pain (weapon)
 D - a +0 long sword
Armour
 b - a +0 leather armour
 e - a +1 cloak of poison resistance
 q - a +0 shield
 r - a +0 helmet (worn)
 w - a +0 pair of gloves (worn)
 A - a +0 chain mail (worn)
 H - a +0 buckler (worn)
 K - a +0 plate armour
 L - a +0 pair of boots (worn)
 N - a scarf of repulsion (worn)
Jewellery
 j - an amulet of magic regeneration (around neck)
 B - a +5 ring of intelligence {unknown}
 G - a ring of protection from magic (left hand)
Wands
 c - a wand of flame (55)
 d - a wand of enslavement (9)
 m - a wand of random effects (8)
 C - a wand of digging (19)
 M - a wand of iceblast (6)
Scrolls
 g - 5 scrolls of teleportation
 k - 2 scrolls of remove curse
 p - a scroll of fog
 s - 2 scrolls of amnesia
 y - a scroll of enchant weapon
 F - 2 scrolls of enchant armour
 I - 2 scrolls of fear
Potions
 h - 6 potions of curing
 i - a potion of berserk rage
 l - a potion of flight
 n - a potion of magic {unknown}
 o - 3 potions of heal wounds
 u - a potion of invisibility {unknown}
 v - 2 potions of cancellation {unknown}
 z - 2 potions of degeneration {unknown}
 E - 2 potions of lignification {unknown}
 J - a potion of haste {unknown}
Comestibles
 f - 29 rations


   Skills:
 + Level 8.0 Fighting
 + Level 7.9 Short Blades
 - Level 8.0 Armour
 - Level 1.5 Dodging
 - Level 1.2 Stealth
 - Level 4.0 Shields
 - Level 6.0 Invocations
 - Level 2.6 Evocations


You had 10 spell levels left.
You didn't know any spells.
Your spell library contained the following spells:

 Spells                   Type           Power        Failure   Level  Hunger
 Apportation              Tloc           #.....       98%         1    ##.....
 Conjure Flame            Conj/Fire      #.......     100%        3    ####...
 Freezing Cloud           Conj/Ice/Air   #.........   100%        6    #######
 Mephitic Cloud           Conj/Pois/Air  #.......     100%        3    ####...
 Ring of Flames           Chrm/Fire      #.........   100%        7    #######
 Summon Small Mammal      Summ           #...         98%         1    ##.....
 Animate Skeleton         Necr           N/A          98%         1    ##.....
 Confusing Touch          Hex            #.....       98%         1    ##.....
 Poisonous Vapours        Pois/Air       #.....       99%         2    ###....


Dungeon Overview and Level Annotations

Branches:
Dungeon (10/15)            Temple (0/1) D:4            Lair (1/6) D:8
    Orc: D:9-12

Altars:
Makhleb
Jiyva

Shops:
D:8 *


Innate Abilities, Weirdness & Mutations

You have razor-sharp teeth.
Your natural rate of healing is unusually fast.
When hurt, damage is shared between your health and your magic reserves.
Your bite disrupts and absorbs the magic of your enemies.
Potions cannot restore your health.
You are immune to rotting.


Message History

You feel strangely unstable.
The five-headed hydra bites you but does no damage.
The five-headed hydra bites you.
The five-headed hydra bites you but does no damage. x2
The five-headed hydra closely misses you.
The water moccasin bites the plant but does no damage.
Cornered, the water moccasin turns to fight!
The water moccasin bites you.
* * * LOW HITPOINT WARNING * * *
You hit the plant.
The plant is lightly damaged.
The water moccasin bites you but does no damage.
The five-headed hydra bites you!
* * * LOW HITPOINT WARNING * * *
The five-headed hydra bites you!
* * * LOW HITPOINT WARNING * * *
The five-headed hydra bites you!
* * * LOW HITPOINT WARNING * * *
The five-headed hydra bites you.
You die...

###...)###...P.PP.PP..P......####
##......F....P..PPP.P...####
##.........P.PP.P.P.P...#
##.........P.PP...PPP..#.#
#.........P.PP.P.P.PPP...#
##..........P..PP.....PP..#
#.........PP...PPP.PPP..P.#
##..........P.PPPDPPPPPP...#
#.........P.PPPP@P.PP.P..P.#
#...........PPPS.PP.PP.....#
#.........P.PPPP....PPPP...#
.............PPPPP..PPP..###
.....)........PPPPPP.P.P.#
............P..P(PPPP...##
................PPPP..P.##
###............PP....P...##
######.####...P..P......##


You could see a five-headed hydra, a water moccasin and a bullfrog (fleeing).

Vanquished Creatures
  3 two-headed ogres
  Grinder (D:5)
  A queen bee (D:9)
  2 hippogriffs (D:8)
  A spriggan (D:7)
  Sigmund (D:4)
  A hungry ghost (D:7)
  Menkaure (D:5)
  Edmund (D:5)
  3 porcupines
  An ice beast (D:6)
  2 black bears (D:7)
  An ogre (D:8)
  An orc warrior (D:6)
  A phantom (D:8)
  2 sky beasts
  3 centaurs
  A big kobold (D:7)
  Blork the orc (D:5)
  10 bullfrogs
  A scorpion (D:8)
  29 killer bees (D:9)
  4 howler monkeys
  4 crimson imps
  A centaur zombie (D:6)
  3 bullfrog zombies
  3 jellies
  6 hounds
  Crazy Yiuf (D:5)
  5 orc priests
  A centaur skeleton (D:4)
  A gnoll shaman (D:6)
  3 orc wizards
  4 iguanas
  Ijyb (D:4)
  6 worker ants
  2 hound skeletons (D:7)
  12 gnolls
  A howler monkey zombie (D:8)
  10 adders
  6 shadow imps
  5 oozes
  An adder skeleton (D:4)
  An adder zombie (D:5)
  3 worms
  A dart slug (D:3)
  6 leopard geckos
  27 orcs
  3 ball pythons
  8 bats
  11 giant cockroaches
  6 hobgoblins
  13 jackals
  3 quokkas
  4 frilled lizards
  7 goblins
  8 kobolds
  10 rats
  A fungus (D:5)
260 creatures vanquished.

Vanquished Creatures (collateral kills)
  A jelly (D:8)
  2 orcs (D:6)
3 creatures vanquished.

Vanquished Creatures (others)
  An orc priest (D:6)
  A jelly (D:8)
  6 fungi (D:8)
8 creatures vanquished.

Grand Total: 271 creatures vanquished

Notes
Turn   | Place    | Note
-------+----------+-------------------------------------------
     0 | D:1      | Faustar the Vine Stalker Artificer began the quest for the Orb.
     0 | D:1      | Reached XP level 1. HP: 9/9 MP: 3/3
     1 | D:1      | Found a runed door.
    39 | D:1      | Reached skill level 1 in Fighting
    39 | D:1      | Reached skill level 1 in Short Blades
   413 | D:1      | Reached XP level 2. HP: 6/14 MP: 5/5
  1430 | D:2      | Found a burning altar of Makhleb.
  1700 | D:2      | Reached XP level 3. HP: 14/18 MP: 4/6
  2267 | D:3      | Gained mutation: Your natural rate of healing is unusually fast. [Vine Stalker growth]
  2267 | D:3      | Reached XP level 4. HP: 23/23 MP: 7/7
  2611 | D:2      | Reached XP level 5. HP: 23/28 MP: 6/8
  2810 | D:2      | Became a worshipper of Makhleb the Destroyer
  3695 | D:4      | Reached XP level 6. HP: 13/33 MP: 6/9
  3933 | D:4      | Reached * piety under Makhleb
  4139 | D:4      | Noticed Ijyb
  4192 | D:4      | Killed Ijyb
  4227 | D:4      | Found a staircase to the Ecumenical Temple.
  4314 | D:4      | Noticed Sigmund
  4437 | D:4      | Killed Sigmund
  4437 | D:4      | Reached XP level 7. HP: 23/38 MP: 5/10
  4560 | D:5      | Entered Level 5 of the Dungeon
  4560 | D:5      | Noticed Menkaure
  4568 | D:5      | Killed Menkaure
  4568 | D:5      | Reached skill level 5 in Fighting
  4568 | D:5      | Reached skill level 5 in Short Blades
  4661 | D:5      | Noticed Blork the orc
  4843 | D:5      | Reached skill level 1 in Armour
  5045 | D:5      | Killed Blork the orc
  5114 | D:5      | Gained mutation: You have razor-sharp teeth. [Vine Stalker growth]
  5114 | D:5      | Reached XP level 8. HP: 43/43 MP: 11/11
  5230 | D:5      | Noticed Grinder
  5234 | D:5      | Killed Grinder
  5399 | D:5      | Noticed Edmund
  5426 | D:5      | Killed Edmund
  5545 | D:5      | Found a runed door.
  5607 | D:5      | Noticed Crazy Yiuf
  5609 | D:5      | Killed Crazy Yiuf
  6014 | D:2      | Reached skill level 1 in Invocations
  6220 | D:6      | Reached skill level 1 in Shields
  6486 | D:6      | Reached ** piety under Makhleb
  7005 | D:6      | Reached skill level 5 in Armour
  7005 | D:6      | Reached XP level 9. HP: 48/48 MP: 12/12
  8677 | D:7      | Reached *** piety under Makhleb
  8805 | D:8      | Found a staircase to the Lair.
  8810 | D:8      | Reached XP level 10. HP: 55/55 MP: 13/13
  9070 | D:8      | Found Kogaaf's General Store.
  9436 | D:8      | Found a viscous altar of Jiyva.
  9449 | D:8      | Noticed a two-headed ogre
  9461 | D:8      | Killed a two-headed ogre
  9755 | D:9      | Noticed a two-headed ogre
  9772 | D:9      | Killed a two-headed ogre
  9772 | D:9      | Reached skill level 5 in Invocations
  9947 | D:9      | Reached **** piety under Makhleb
 10379 | D:9      | Reached XP level 11. HP: 57/60 MP: 16/16
 10955 | D:10     | Entered Level 10 of the Dungeon
 11058 | D:10     | Noticed a two-headed ogre
 11067 | D:10     | Killed a two-headed ogre
 11229 | D:10     | Noticed a two-headed ogre
 11359 | Lair:1   | Entered Level 1 of the Lair of Beasts
 11384 | Lair:1   | Noticed a five-headed hydra
 11398 | D:8      | HP: 3/60 [five-headed hydra (5)]
 11398 | D:8      | Slain by a five-headed hydra

Vault maps used:
D:1:      dpeg_arrival_caged_fury, serial_co_window_serial, co_window_corner_a,
          co_window_paths_a, co_window_paths_b, co_window_paths_b,
          co_window_of_opportunity_a, co_window_corner_ca, co_window_broadway_a,
          co_window_corner_b, co_window_corner_b, co_window_broadway_a,
          co_window_of_opportunity_c, co_window_4corner_b, glass_columns_a,
          glass_columns_a
D:2:      nicolae_overflow_crystal_walls, minmay_pentomino_v2
D:3:      serial_bayou_lake_a
D:4:      minmay_temple_entry_hall, first_ration, uniq_ijyb, uniq_sigmund
D:5:      uniq_menkaure, uniq_crazy_yiuf_cottage, uniq_blork_the_orc,
          uniq_grinder, uniq_edmund
D:6:      grunt_decor_clamped
D:7:      the_bakery
D:8:      due_lair_maze_entry_diamond, serial_shops, nicolae_shop_stone,
          jiyva_altar_1
D:9:      special_room
D:10:     kennysheep_orc_monster_closet_entryway, basic_altar, serial_glass,
          glass_columns_c, glass_columns_c
Lair:1:   serial_bayou_shore_b

Skill      XL: |  1  2  3  4  5  6  7  8  9 10 11 |
---------------+----------------------------------+-----
Fighting       | 1 2 3 4 5 7 8 |  8.0
Short Blades   | 1 2 3 4 5 7 |  7.9
Armour         | 2 5 6 8 |  8.0
Invocations    | 2 3 6 |  6.0
Shields        | 2 4 |  4.0
Dodging        | |  1.5
Stealth        | |  1.2
Evocations     | |  2.6

Action                   |  1- 3 |  4- 6 |  7- 9 | 10-12 || total
-------------------------+-------+-------+-------+-------++-------
Melee: Short sword       |   116 |   152 |       |       ||   268
       Bite              |    25 |   117 |   168 |   149 ||   459
       Dagger            |       |   196 |   463 |   468 ||  1127
Invok: Minor Destruction |       |       |       |     3 ||     3
Evoke: Wand              |       |     4 |    42 |    12 ||    58
  Use: Scroll            |       |       |    13 |     6 ||    19
       Potion            |       |       |       |     2 ||     2
 Stab: Sleeping          |     2 |     1 |       |       ||     3
       Distracted        |       |     1 |       |       ||     1
       Confused          |       |       |     2 |       ||     2
       Betrayed ally     |       |       |       |     1 ||     1
  Eat: Chunk             |     4 |     7 |    18 |     8 ||    37
Armor: Leather armour    |    32 |    43 |       |       ||    75
       Chain mail        |       |    78 |   197 |   241 ||   516
Dodge: Dodged            |    86 |   161 |   117 |   157 ||   521
Block: Buckler           |       |       |       |   116 ||   116

Table legend:
 A = Spawn XP
 B = Non-spawn XP
 C = Spawn XP percentage of total XP
 D = Spawn monster count
 E = Non-spawn monster count
 F = Spawn count percentage of total count
 G = Total turns spent on level
                    A         B        C        D         E        F      G
               +---------+---------+-------+---------+---------+-------+---------
         Total |       0 |   12021 |   0.0 |       0 |     262 |   0.0 | 11398
               +---------+---------+-------+---------+---------+-------+---------
           D:1 |       0 |     103 |   0.0 |       0 |      33 |   0.0 |  1868
           D:2 |       0 |      85 |   0.0 |       0 |      21 |   0.0 |  1217
           D:3 |       0 |     132 |   0.0 |       0 |      30 |   0.0 |   905
           D:4 |       0 |     488 |   0.0 |       0 |      28 |   0.0 |   890
           D:5 |       0 |     992 |   0.0 |       0 |      14 |   0.0 |  1264
           D:6 |       0 |     721 |   0.0 |       0 |      24 |   0.0 |  1480
           D:7 |       0 |    1590 |   0.0 |       0 |      30 |   0.0 |   973
           D:8 |       0 |    3144 |   0.0 |       0 |      35 |   0.0 |  1247
           D:9 |       0 |    3580 |   0.0 |       0 |      43 |   0.0 |  1272
          D:10 |       0 |    1186 |   0.0 |       0 |       4 |   0.0 |   247
               +---------+---------+-------+---------+---------+-------+---------
